 Dungeon Crawl Stone Soup version 0.27-a0-1334-g2746e35aca (webtiles) character file.

Game seed: 2984184477682847754

1618 dickylongcocking the Magician (level 9, -2/66 HPs)
             Began as a Djinni Venom Mage on June 27, 2021.
             Was a Follower of Makhleb.
             Slain by a wyvern zombie (9 damage)
             ... on level 7 of the Dungeon.
             The game lasted 00:05:29 (7903 turns).

dickylongcocking the Magician (Djinni Venom Mage)   Turns: 7903, Time: 00:05:29

Health: -2/66      AC:  4    Str:  7    XL:     9   Next: 17%
Gold:   441        EV: 13    Int: 20    God:    Makhleb [*.....] SH:  0 Dex: 20

rFire    + + .     SeeInvis .   p - +13 scythe of Curses {drain, Drain}
rCold    x . .     Faith    +   (shield currently unavailable)
rNeg     . . .     Spirit   .   a - +0 robe
rPois    ∞         Reflect  .   (no helmet)
rElec    .         Harm     .   l - +1 cloak
rCorr    .         Rampage  .   (no gloves)
Will     .....                  (boots unavailable)
Stlth    ++........             j - amulet of faith
HPRegen  0.21/turn              n - +6 ring of dexterity
MPRegen  0.00/turn              (no ring)

@: flying
A: sickness immunity, fire resistance 2, cold vulnerability 1, float, innate
caster, hp casting, extra vitality 1
a: Renounce Religion


You were on level 7 of the Dungeon.
You worshipped Makhleb.
Makhleb was aware of your devotion.
You visited 2 branches of the dungeon, and saw 8 of its levels.

You collected 441 gold pieces.

Inventory:

Hand Weapons
 i - a +1 dagger of venom
 p - the +13 scythe of Curses (weapon) {drain, Drain}
   (You found it on level 4 of the Dungeon)

   A truly terrible weapon, it drains the life of those it strikes.
   It drains your maximum health when unequipped.
Armour
 a - a +0 robe (worn)
 l - a +1 cloak (worn)
Jewellery
 j - an amulet of faith (around neck)
 m - an amulet of guardian spirit
 n - a +6 ring of dexterity (left hand)
 s - a ring of poison resistance
 z - a +4 ring of protection
Wands
 v - a wand of charming (6)
 B - a wand of mindburst (11)
Scrolls
 c - 3 scrolls of amnesia {unknown}
 d - a scroll of immolation {unknown}
 e - 2 scrolls of blinking
 g - 2 scrolls of teleportation
 k - a scroll of summoning
 r - 2 scrolls of identify
 u - 3 scrolls of magic mapping {unknown}
 x - a scroll of acquirement {unknown}
 y - a scroll of torment {unknown}
Potions
 b - a potion of curing {unknown}
 f - a potion of berserk rage {unknown}
 h - a potion of cancellation
 o - a potion of flight {unknown}
 q - 3 potions of attraction {unknown}
 t - a potion of invisibility {unknown}
 w - a potion of haste {unknown}
 A - a potion of lignification {unknown}


   Skills:
 + Level 6.3 Fighting
 * Level 1.9 Polearms
 * Level 3.0 Dodging
 - Level 1.7 Stealth
 * Level 6.7 Spellcasting


You couldn't memorise any spells.
You knew the following spells:

 Your Spells              Type           Power      Damage    Failure   Level
a - Sting                 Tmut/Pois      100%       1d8       1%          1
b - Ensorcelled Hibernat  Hex/Ice        66%        N/A       1%          2
c - Inner Flame           Hex/Fire       33%        N/A       1%          3
d - Olgreb's Toxic Radia  Pois           33%        N/A       6%          4
e - Gell's Gravitas       Tloc           16%        N/A       1%          3
f - Beastly Appendage     Tmut           66%        N/A       1%          1
i - Ignite Poison         Fire/Tmut/Pois 33%        N/A       1%          3
p - Poisonous Vapours     Pois/Air       66%        N/A       1%          2
x - Mephitic Cloud        Conj/Pois/Air  33%        N/A       1%          3
Your spell library was empty.

Dungeon Overview and Level Annotations

Branches:
Dungeon (7/15)             Temple (1/1) D:4

Altars:
Ashenzari
Cheibriados
Dithmenos
Elyvilon
Fedhas
Gozag
Hepliaklqana
Kikubaaqudgha
Makhleb
Qazlal
Sif Muna
Trog
Uskayaw
Vehumet
Wu Jian
Xom
Yredelemnul
Zin
The Shining One


Innate Abilities, Weirdness & Mutations

You are immune to sickness and miasma.
You are immune to poison.
Your flesh is very heat resistant. (rF++)
You are vulnerable to cold. (rC-)
You float through the air rather than walking.
You learn spells naturally, not from books.
Your magical power is your life essence.
You have superior vitality. (+4 HP)


Message History

You now have 441 gold pieces (gained 12).
B - a wand of mindburst (11)
A centaur comes into view.
A centaur is nearby!
A centaur is nearby!
The centaur wields a +0 shortbow.
The centaur shoots an arrow.
The arrow misses you.
The centaur shoots an arrow.
The arrow hits you.
The centaur unwields a +0 shortbow.
The centaur closely misses you.
The centaur kicks you but does no damage.
You slash the centaur! You drain the centaur.
The centaur convulses with pain!!
You kill the centaur!
Makhleb accepts your kill.
A wyvern zombie comes into view.
Your Dodging skill increases to level 3!
Things that are here:
a +0 shortbow; 10 arrows A wyvern zombie is nearby!
A wyvern zombie is nearby!
You slash the wyvern zombie!
The wyvern zombie is lightly damaged.
The wyvern zombie bites you. The wyvern zombie barely misses you. x2
You slash the wyvern zombie!
The wyvern zombie is heavily damaged.
The wyvern zombie bites you!
The wyvern zombie bites you but does no damage.
You slash the wyvern zombie!
The wyvern zombie is severely damaged.
The wyvern zombie barely misses you. The wyvern zombie bites you! x2
You hit the wyvern zombie.
The wyvern zombie is almost destroyed.
The wyvern zombie bites you!
* * * LOW HITPOINT WARNING * * *
The wyvern zombie bites you!
* * * LOW HITPOINT WARNING * * *
You are too injured to fight recklessly!
You hit the wyvern zombie.
The wyvern zombie is almost destroyed.
The wyvern zombie bites you!
You die...

######.##
#..#########....#...
#..#......##.##.#...
#..#......+.......##
#..#......#...#.#...
#..##.........#.#.##
#..#........#.#.#...
#.Z####....##.#.###.
#..@........#.#.. .
#.#####.....#.... #
#.....##### #.....#
#.##### #.# #.# .#


You could see a wyvern zombie.

Vanquished Creatures
  A water moccasin (D:6)
  An ice beast (D:5)
  A sky beast (D:5)
  4 ogres
  A necrophage (D:4)
  A centaur (D:7)
  2 scorpions (D:4)
  2 howler monkeys
  A centaur zombie (D:6)
  2 gnoll shamans (D:4)
  A jelly (D:7)
  3 hounds
  2 orc priests
  An iron imp (D:5)
  An iguana (D:6)
  17 gnolls
  5 adders
  3 adder skeletons (D:4)
  2 worms (D:2)
  A dart slug (D:1)
  8 orcs
  8 ball pythons
  7 endoplasms
  2 giant cockroaches (D:1)
  9 goblins
  11 hobgoblins
  4 jackals (D:4)
  6 kobolds
  3 quokkas
  A bat (D:1)
  3 frilled lizards
  8 rats
122 creatures vanquished.

Vanquished Creatures (others)
  A plant (D:2)
1 creature vanquished.

Grand Total: 123 creatures vanquished

Notes
Turn   | Place    | Note
-------+----------+-------------------------------------------
     0 | D:1      | dickylongcocking the Djinni Venom Mage began the quest for
                  | the Orb.
     0 | D:1      | Reached XP level 1. HP: 15/15 MP: 0/0
   102 | D:1      | Found a faded altar of an unknown god.
   315 | D:1      | Reached XP level 2. HP: 20/21 MP: 0/0
  1063 | D:1      | Reached XP level 3. HP: 13/25 MP: 0/0
  1063 | D:1      | Learned a level 1 spell: Beastly Appendage
  2110 | D:2      | Reached skill level 1 in Fighting
  2110 | D:2      | Reached XP level 4. HP: 8/32 MP: 0/0
  4053 | D:3      | Reached XP level 5. HP: 22/40 MP: 0/0
  4053 | D:3      | Learned a level 2 spell: Ensorcelled Hibernation
  4397 | D:4      | Found the +13 scythe of Curses {drain, Drain}
  4454 | D:4      | Reached XP level 6. HP: 25/47 MP: 0/0
  4491 | D:4      | Found a staircase to the Ecumenical Temple.
  4502 | Temple   | Entered the Ecumenical Temple
  4704 | Temple   | Became a worshipper of Makhleb the Destroyer
  4763 | D:4      | Noticed a necrophage
  4774 | D:4      | Killed a necrophage
  4775 | D:4      | Reached XP level 7. HP: 20/52 MP: 0/0
  4775 | D:4      | Learned a level 3 spell: Inner Flame
  4920 | D:4      | Reached * piety under Makhleb
  5023 | D:4      | Reached skill level 5 in Spellcasting
  5099 | D:4      | Reached skill level 5 in Fighting
  5099 | D:4      | Reached XP level 8. HP: 26/59 MP: 0/0
  5304 | D:4      | Found a broken altar of Ashenzari.
  5667 | D:5      | Entered Level 5 of the Dungeon
  6112 | D:5      | Found a bloodstained altar of Trog.
  6112 | D:5      | Found a white marble altar of Elyvilon.
  6182 | D:5      | Found a snail-covered altar of Cheibriados.
  7084 | D:6      | Reached skill level 1 in Polearms
  7283 | D:6      | Found a glowing golden altar of the Shining One.
  7295 | D:6      | Found an ornate altar of the Wu Jian Council.
  7342 | D:6      | Reached XP level 9. HP: 56/66 MP: 0/0
  7342 | D:6      | Learned a level 3 spell: Gell's Gravitas
  7903 | D:7      | Slain by a wyvern zombie

Illustrated notes

Levels and vault maps discovered:
D:1:      saegor_arrival_under_anarchy, layout_loops_corners,
          chequers_ecumenical_altar_island
D:2:      layout_basic, basic_altar, serial_bayou_pond_b
D:3:      layout_basic, amcnicky_altar_gilded, minmay_door_square
D:4:      layout_rooms, evilmike_ruin_ashenzari,
          minmay_temple_entry_proselytizer, grunt_ministairs_15,
          eino_small_chamber_without_monster, sigmund_army
D:5:      layout_rooms, gammafunk_temple_overflow_wave, slow_altar_2,
          serial_co_window_serial, co_window_corner_a, co_window_corner_a,
          co_window_corner_a, co_window_corner_a, co_window_cross_1,
          co_window_broadway_c, co_window_broadway_b, co_window_unsneaky_path_e,
          co_window_corner_cb, co_window_4corner_b, glass_columns_c,
          glass_columns_a, glass_columns_a, glass_columns_b, glass_columns_b
D:6:      layout_basic, amethyst_overflow_temple_binary, serial_curves,
          eino_curves_04, eino_curves_01, kennysheep_cross_room
D:7:      layout_basic, hangedman_ru_absence, uniq_menkaure
Temple:   nicolae_temple_x_marks_the_god

Skill      XL: |  1  2  3  4  5  6  7  8  9 |
---------------+----------------------------+-----
Spellcasting   | 3 4 5 6 |  6.7
Fighting       | 1 3 4 5 6 |  6.3
Polearms       | 1 |  1.9
Dodging        | 3 |  3.0
Stealth        | |  1.7

Action                   |  1- 3 |  4- 6 |  7- 9 || total
-------------------------+-------+-------+-------++-------
Melee: Unarmed           |     6 |       |       ||     6
       Dagger            |     5 |    41 |       ||    46
       Scythe            |       |    10 |    46 ||    56
 Cast: Sting             |    59 |     7 |    10 ||    76
       Poisonous Vapours |       |    12 |       ||    12
       Ignite Poison     |       |     5 |    15 ||    20
       Olgreb's Toxic Ra |       |     4 |     9 ||    13
  Use: Scroll            |       |     3 |       ||     3
       Potion            |       |       |     2 ||     2
 Stab: Sleeping          |       |     4 |     4 ||     8
       Distracted        |       |       |     1 ||     1
Armor: Robe              |     8 |    12 |    19 ||    39
Dodge: Dodged            |    37 |    42 |    47 ||   126

Table legend: (Time is in decaauts)
 A = Elapsed time spent in this place.
 B = Non-inter-level travel time spent in this place.
 C = Inter-level travel time spent in this place.
 D = Time resting spent in this place.
 E = Time spent auto-exploring this place.
 F = Levels seen in this place.
 G = Mean time per level.
                   A        B        C        D        E       F      G
               +--------+--------+--------+--------+--------+-----+--------+
         Total |   7955 |   7758 |    197 |    953 |   6024 |   8 |  994.4 |
       Dungeon |   7749 |   7555 |    194 |    953 |   5841 |   7 | 1107.0 |
        Temple |    206 |    203 |      3 |      0 |    183 |   1 |  206.0 |
               +--------+--------+--------+--------+--------+-----+--------+

Top non-repeatable levels by time:
     D:1: 1888 daAuts
     D:2: 1463 daAuts
     D:6: 1127 daAuts
     D:4: 1087 daAuts
     D:5: 1046 daAuts
     D:3: 1044 daAuts
  Temple: 206 daAuts
     D:7: 91 daAuts
